 Dungeon Crawl Stone Soup version 0.31-a0-234-gad7ace16ef (webtiles) character file.

Game seed: 7032444781303799189

125 qw the Shooter (level 4, -1/36 HPs)
             Began as a Minotaur Hexslinger on July 9, 2023.
             Slain by a gnoll
             ... wielding a +0 halberd
              (11 damage)
             ... on level 3 of the Dungeon.
             The game lasted 00:00:46 (1670 turns).

qw the Shooter (Minotaur Hexslinger)                Turns: 1670, Time: 00:00:47

Health: -1/36      AC:  5    Str: 13    XL:     4   Next: 82%
Magic:  4/4        EV: 11    Int: 10    God:
Gold:   148        SH:  0    Dex: 14    Spells: 4/5 levels left

rFire   . . .        Y - +2 sling
rCold   . . .        (no shield)
rNeg    . . .        e - +0 ring mail
rPois   .            (helmet restricted)
rElec   .            (no cloak)
rCorr   +            (no gloves)
SInv    .            (no boots)
Will    +....        (no amulet)
Stlth   +            f - ring of willpower
HPRegen 0.26/turn    i - ring of resist corrosion
MPRegen 0.09/turn

%: no passive effects
@: no status effects
A: horns 2, retaliatory headbutt
a: no special abilities


You were on level 3 of the Dungeon.
You visited 1 branch of the dungeon, and saw 3 of its levels.

You collected 148 gold pieces.


Innate Abilities, Weirdness & Mutations

You have a pair of horns on your head.
You reflexively headbutt those who attack you in melee.


   Skills:
 + Level 2.0 Fighting
 - Level 5.1 Ranged Weapons
 - Level 1.4 Armour
 - Level 2.1 Dodging
 - Level 1.0 Spellcasting
 - Level 2.0 Hexes


You had 4 spell levels left.
You knew the following spells:

 Your Spells              Type           Power      Damage    Failure   Level
a - Slow                  Hex            16%        N/A       32%         1

Your spell library contained the following spells:

 Spells                   Type           Power      Damage    Failure   Level
 Inner Flame              Hex/Fire       2%         N/A       82%         3
 Portal Projectile        Hex/Tloc       4%         N/A       82%         3
 Cause Fear               Hex            2%         N/A       97%         4

Inventory:

Hand Weapons
 Y - a +2 sling (weapon)
Armour
 c - a +0 pair of gloves
 e - a +0 ring mail (worn)
Jewellery
 f - a ring of willpower (left hand)
 i - a ring of resist corrosion (right hand)
Scrolls
 a - 3 scrolls of teleportation {unknown}
 g - a scroll of identify
Potions
 b - a potion of resistance
 d - a potion of haste
 h - a potion of brilliance {unknown}
 j - 2 potions of curing {unknown}

Dungeon Overview and Level Annotations

Branches:
Dungeon (3/15)

Altars:
The Shining One


Message History

The gnoll hits you from afar with a +0 spear.
The gnoll closely misses you.
You shoot a sling bullet. The sling bullet hits the goblin!
You kill the goblin!
An orc comes into view. It is wielding a +0 dagger.
The gnoll closely misses you.
You shoot a sling bullet.
The sling bullet closely misses the gnoll.
The gnoll barely misses you.
You shoot a sling bullet. The sling bullet hits the orc priest.
The orc priest is heavily wounded.
The orc priest invokes the aid of Beogh against you.
You resist with some effort.
The gnoll hits you from afar with a +0 spear!
You shoot a sling bullet. The sling bullet hits the orc priest!
The orc priest is almost dead.
The orc priest looks satisfied for a moment.
The gnoll closely misses you. The gnoll barely misses you.
You shoot a sling bullet. The sling bullet barely misses the orc.
The sling bullet hits the gnoll!
The gnoll is severely wounded.
The orc hits you with a +0 hand axe.
The gnoll hits you from afar with a +0 spear.
You shoot a sling bullet. The sling bullet hits the orc priest!
You kill the orc priest!
An orc comes into view. It is wielding a +0 mace.
The orc hits you but does no damage.
The gnoll hits you from afar with a +0 spear.
Your Ranged Weapons skill increases to level 5!
You shoot a sling bullet. The sling bullet hits the orc.
The orc is almost dead.
The gnoll barely misses you. The orc hits you with a +0 hand axe.
The gnoll barely misses you.
You shoot a sling bullet. The sling bullet hits the orc.
You kill the orc!
The gnoll hits you from afar with a +0 halberd.
A gnoll comes into view. It is wielding a +0 halberd.
The gnoll hits you from afar with a +0 spear.
The gnoll hits you from afar with a +0 halberd!
You die...

#.......##........#.#..P...P
#.......##............######
#....#.............#..#
#....).####........#..#
#.....## ##.......#..##+###
#.....# #................
#...... ##.##...##.......
###### ###%%##......#+##.
#@.%...#.....# #.
#))(....... #.
#gg.......#.P####.
#.oo.....###........
...........# .###....
go.g......... #..##
.o...........# #.....
g...<......#..........
...........######.....


You could see 3 gnolls and 2 orcs.

Vanquished Creatures
  An orc priest (D:3)
  2 adders
  2 dart slugs
  5 orcs (D:3)
  2 ball pythons
  3 bats
  5 endoplasms
  2 giant cockroaches
  5 goblins
  11 hobgoblins
  5 jackals
  8 kobolds
  4 quokkas
  2 frilled lizards
  4 rats
61 creatures vanquished.

Notes
Turn   | Place    | Note
-------+----------+-------------------------------------------
     0 | D:1      | qw the Minotaur Hexslinger began the quest for the Orb.
     0 | D:1      | Reached XP level 1. HP: 16/16 MP: 1/1
     0 | D:1      | 0 ||| qw: Version: 0.3-a-51-g015441d
     0 | D:1      | 0 ||| qw: Game counter: 4335
     0 | D:1      | 0 ||| qw: Melee chars always use a shield: true
     0 | D:1      | 0 ||| qw: God list: Okawaru
     0 | D:1      | 0 ||| qw: Allow faded altars: false
     0 | D:1      | 0 ||| qw: Do Orc after clearing Dungeon:15 true
     0 | D:1      | 0 ||| qw: Do second Lair branch before Depths: true
     0 | D:1      | 0 ||| qw: Lair rune preference: random
     0 | D:1      | 0 ||| qw: Goals: Normal
     0 | D:1      | 0 ||| PLANNING D:1-11
    34 | D:1      | HP: 2/16 [hobgoblin (4)]
   167 | D:1      | Reached skill level 3 in Ranged Weapons
   167 | D:1      | Reached XP level 2. HP: 23/23 MP: 2/2
   728 | D:1      | 728 ||| UPGRADING to ring of willpower.
   729 | D:1      | 729 ||| DROPPING ring of magical power.
   730 | D:1      | 730 ||| READING scroll labelled ZEXZAJ HECZA.
   731 | D:1      | 731 ||| READING 2 scrolls labelled OTTODI NEJI.
   732 | D:1      | 732 ||| READING scroll labelled WOPUNI SUWOKOV.
   733 | D:1      | 733 ||| DROPPING scroll of poison.
   851 | D:2      | Reached XP level 3. HP: 29/29 MP: 3/3
   876 | D:2      | You fall into a shaft and drop 1 floor!
   918 | D:3      | Reached skill level 4 in Ranged Weapons
   921 | D:3      | 921 ||| Stepping ~*~*~tactically~*~*~ (outnumbered).
  1014 | D:3      | 1014 ||| UPGRADING to +0 ring mail.
  1024 | D:3      | 1024 ||| DROPPING +0 robe.
  1025 | D:3      | 1025 ||| UPGRADING to ring of resist corrosion.
  1026 | D:3      | 1026 ||| READING scroll labelled UCOHOQ YCH.
  1080 | D:3      | 1080 ||| READING scroll labelled VEUCU BAZI.
  1144 | D:2      | 1144 ||| FLEEEEING.
  1145 | D:2      | 1145 ||| FLEEEEING.
  1146 | D:2      | 1146 ||| FLEEEEING.
  1147 | D:2      | 1147 ||| FLEEEEING.
  1212 | D:2      | Reached skill level 1 in Armour
  1212 | D:2      | Reached XP level 4. HP: 36/36 MP: 4/4
  1237 | D:2      | Found a glowing golden altar of the Shining One.
  1448 | D:2      | 1448 ||| READING 3 scrolls of identify.
  1448 | D:2      | 1448 ||| IDENTIFYING bubbling cyan potion
  1449 | D:2      | 1449 ||| READING 2 scrolls of identify.
  1449 | D:2      | 1449 ||| IDENTIFYING sedimented sapphire potion
  1659 | D:3      | 1659 ||| Stepping ~*~*~tactically~*~*~ (outnumbered).
  1661 | D:3      | 1661 ||| Stepping ~*~*~tactically~*~*~ (outnumbered).
  1669 | D:3      | Reached skill level 5 in Ranged Weapons
  1670 | D:3      | Slain by a gnoll

Levels and vault maps discovered:
D:1:      minmay_arrival_hallway, layout_loops_ring
D:2:      layout_basic, basic_altar
D:3:      corexii_shack_village, layout_rooms

Skill      XL: |  1  2  3  4 |
---------------+-------------+-----
Ranged Weapons | 3 4 5 |  5.1
Fighting       | 2 |  2.0
Armour         | 1 |  1.4
Dodging        | |  2.1
Spellcasting   | |  1.0
Hexes          | |  2.0

Action                     |  1- 3 |  4- 6 || total
---------------------------+-------+-------++-------
   Fire: Sling             |   107 |    57 ||   164
    Use: Scroll            |     5 |     2 ||     7
 Armour: Robe              |     7 |       ||     7
         Ring mail         |     1 |    13 ||    14
  Dodge: Dodged            |    26 |    23 ||    49

Table legend:
 A = Non-vault XP
 B = Vault XP
 C = Vault XP percentage of total XP
 D = Non-vault monster count
 E = Vault monster count
 F = Vault count percentage of total count
                 A         B        C        D         E       F
            +---------+---------+-------+---------+---------+-------
      Total |     169 |      13 |   7.1 |      54 |       7 |  11.5
            +---------+---------+-------+---------+---------+-------
        D:1 |      32 |       0 |   0.0 |      18 |       0 |   0.0
        D:2 |      44 |       0 |   0.0 |      18 |       0 |   0.0
        D:3 |      93 |      13 |  12.3 |      18 |       7 |  28.0
            +---------+---------+-------+---------+---------+-------
